 Dungeon Crawl Stone Soup version 0.22.1-6-g1668fe2c40 (webtiles) character file.

186 Peloso the Shield-Bearer (level 5, -3/70 HPs)
             Began as a Minotaur Fighter on Jan 22, 2019.
             Killed from afar by an orc wizard (9 damage)
             ... with a puff of flame
             ... on level 3 of the Dungeon.
             The game lasted 00:03:31 (1717 turns).

Peloso the Shield-Bearer (Minotaur Fighter)         Turns: 1717, Time: 00:03:31

Health: -3/70      AC:  9    Str: 26    XL:     5   Next: 38%
Magic:  4/4        EV:  7    Int:  5    God:
Gold:   138        SH: 10    Dex: 10    Spells: 4/4 levels left

rFire    x . .     SeeInvis .   a - +0 long sword
rCold    + . .     Gourm    .   c - +0 shield
rNeg     . . .     Faith    .   h - +0 chain mail (curse)
rPois    .         Spirit   .   (helmet restricted)
rElec    .         Reflect  .   (no cloak)
rCorr    .         Harm     .   (no gloves)
MR       .....                  (no boots)
Stlth    ..........             (no amulet)
HPRegen  0.21/turn              m - ring of ice
MPRegen  0.09/turn              (no ring)

@: berserking, very quick
A: retaliatory headbutt, horns 2
a: no special abilities


You were on level 3 of the Dungeon.
You were not hungry.

You visited 1 branch of the dungeon, and saw 3 of its levels.

You collected 138 gold pieces.

Inventory:

Hand Weapons
 a - a +0 long sword (weapon)
Armour
 b - a +0 scale mail
 c - a +0 shield (worn)
 h - a cursed +0 chain mail (worn)
Jewellery
 m - a ring of ice (left hand)
 p - an uncursed ring of wizardry {unknown}
Scrolls
 i - a scroll of remove curse {unknown}
 j - a scroll of teleportation {unknown}
 k - 2 scrolls of amnesia {unknown}
 l - a scroll of identify {unknown}
 o - a scroll of immolation {unknown}
Potions
 d - a potion of might
 g - a potion of haste {unknown}
 n - a potion of curing {unknown}
Comestibles
 f - 4 rations
 q - 4 chunks of flesh


   Skills:
 + Level 4.7 Fighting
 + Level 3.9 Long Blades
 + Level 4.4 Armour
 + Level 1.4 Dodging
 + Level 4.9 Shields


You had 4 spell levels left.
You didn't know any spells.
Your spell library was empty.

Dungeon Overview and Level Annotations

Branches:
Dungeon (3/15)

Altars:


Innate Abilities, Weirdness & Mutations

You reflexively headbutt those who attack you in melee.
You have a pair of horns on your head.


Message History

The orc priest hits you but does no damage.
Something hits you but does no damage.
Your chain mail prevents you from hitting the orc priest.
Your headbutt misses the orc priest. The orc hits you but does no damage.
The orc priest hits you.
* * * LOW HITPOINT WARNING * * *
Something hits you but does no damage.
Unknown command.
You slash the orc priest! You headbutt the orc priest.
You kill the orc priest!
You block the orc's attack. Something hits you but does no damage.
Unknown command.
You hit the orc. You headbutt the orc.
You kill the orc!
Unknown command.
You miss something. Your headbutt misses something.
You hear some strange, mumbled words.
A puff of flame appears from out of thin air!
The puff of flame hits you! The fire burns you terribly!
You die...

#.....# #...#
#####..........
#.....###...#
#........##
..#.....#.....#####
#..........
..'....)'..........
.........##
..#.....###..#####
#....... ..#.....#
#...# ..###..
#.....# #.#.## ..
#.. ####### #.#).#
..##@# #.....?{(#
#....#.#.# #...#<.
.. #...#.. #.. #.
#.. ..# . ... #.#
.#.. ..


There were no monsters in sight!

Vanquished Creatures
  3 orc priests (D:3)
  3 adders (D:2)
  A leopard gecko (D:1)
  4 orcs (D:3)
  2 ball pythons (D:2)
  3 giant cockroaches (D:1)
  9 goblins
  8 hobgoblins
  3 jackals (D:2)
  A quokka (D:3)
  4 bats
  4 frilled lizards
  11 kobolds
  8 rats
64 creatures vanquished.

Notes
Turn   | Place    | Note
-------+----------+-------------------------------------------
     0 | D:1      | Peloso the Minotaur Fighter began the quest for the Orb.
     0 | D:1      | Reached XP level 1. HP: 19/19 MP: 0/0
    79 | D:1      | Reached XP level 2. HP: 27/27 MP: 1/1
   479 | D:1      | Reached XP level 3. HP: 29/33 MP: 2/2
   897 | D:2      | Reached skill level 1 in Dodging
  1190 | D:2      | Reached XP level 4. HP: 29/40 MP: 3/3
  1708 | D:3      | Reached XP level 5. HP: 21/47 MP: 4/4
  1717 | D:3      | Killed from afar by an orc wizard

Skill      XL: |  1  2  3 |
---------------+----------+-----
Armour         | 4 |  4.4
Shields        | 4 |  4.9
Fighting       | 4 |  4.7
Dodging        | 1 |  1.4
Long Blades    | 3 |  3.9

Action                   |  1- 3 |  4- 6 || total
-------------------------+-------+-------++-------
Melee: Long sword        |   108 |    56 ||   164
       Headbutt          |    13 |     8 ||    21
  Use: Potion            |       |     1 ||     1
  Eat: Chunk             |     1 |     2 ||     3
Armor: Scale mail        |    11 |       ||    11
       Chain mail        |    63 |    45 ||   108
Dodge: Dodged            |    41 |    18 ||    59
Block: Shield            |    79 |    28 ||   107
       Rpst.: Long sword |    11 |     5 ||    16
